 Dungeon Crawl Stone Soup version 0.23.2 (webtiles) character file.

Game seed: 11187039345777018989

87 fuel4fun the Stinger (level 4, -2/30 HPs)
             Began as a Vampire Venom Mage on Apr 7, 2019.
             Was a Follower of Uskayaw.
             Killed from afar by a dart slug (8 damage)
             ... with a slug dart
             ... on level 3 of the Dungeon.
             The game lasted 00:31:57 (2990 turns).

fuel4fun the Stinger (Vampire Venom Mage)           Turns: 2990, Time: 00:31:58

Health: -2/30      AC:  2    Str:  7    XL:     4   Next: 28%
Magic:  8/8        EV: 13    Int: 18    God:    Uskayaw [*.....]
Gold:   122        SH:  0    Dex: 14    Spells: 7/8 levels left

rFire    . . .     SeeInvis +   (no weapon)
rCold    + . .     Gourm    .   (no shield)
rNeg     + + .     Faith    .   a - +0 robe
rPois    +         Spirit   .   (no helmet)
rElec    .         Reflect  .   (no cloak)
rCorr    .         Harm     .   (no gloves)
MR       .....                  (no boots)
Stlth    +++.......             (no amulet)
HPRegen  0.05/turn              (no ring)
MPRegen  0.11/turn              (no ring)

@: regenerating slowly
A: fangs 3, see invisible, unbreathing
a: Bat Form, Stomp, Renounce Religion


You were on level 3 of the Dungeon.
You worshipped Uskayaw.
Uskayaw was noncommittal.
You were very thirsty.

You visited 1 branch of the dungeon, and saw 3 of its levels.

You collected 122 gold pieces.

Inventory:

Hand Weapons
 d - a cursed -2 dagger
 e - a +0 dagger
 f - a +0 club
 g - a +0 club
 q - a +0 club
 u - a +0 club
 z - a +0 short sword
 A - a +0 hunting sling
 C - a cursed +0 dagger
 F - a +0 club
 H - a +0 war axe
 K - a +0 rapier
Missiles
 l - 34 arrows
 m - 11 bolts
 w - a throwing net (quivered)
 y - 104 stones
Armour
 a - a +0 robe (worn)
 h - a +0 ring mail
 B - a +0 ring mail
 G - a +0 ring mail
Jewellery
 n - an uncursed ring of see invisible {unknown}
 o - an uncursed ring of stealth {unknown}
 r - an uncursed amulet of regeneration {unknown}
 s - an uncursed amulet of harm {unknown}
 E - a cursed -2 ring of dexterity {unknown}
Scrolls
 i - a scroll of amnesia
 j - a scroll of enchant weapon {unknown}
 k - 3 scrolls of identify {unknown}
 p - 3 scrolls of teleportation {unknown}
 t - a scroll of remove curse {unknown}
 v - a scroll of immolation {unknown}
 x - 2 scrolls of blinking {unknown}
 I - a scroll of fear {unknown}
 L - a scroll of magic mapping {unknown}
Potions
 b - 2 potions of ambrosia {unknown}
 c - 13 potions of blood
 D - a potion of lignification {unknown}
 J - a potion of flight {unknown}


   Skills:
 + Level 3.1 Dodging
 - Level 3.2 Stealth
 * Level 2.8 Spellcasting
 * Level 1.1 Conjurations
 + Level 3.4 Poison Magic


You had 7 spell levels left.
You knew the following spells:

 Your Spells              Type           Power        Failure   Level  Hunger
a - Sting                 Conj/Pois      ##..         6%          1    None

Your spell library contained the following spells:

 Spells                   Type           Power        Failure   Level  Hunger
 Poisonous Vapours        Pois/Air       #.....       13%         2    ##.....
 Mephitic Cloud           Conj/Pois/Air  #.......     26%         3    ###....
 Olgreb's Toxic Radiance  Pois           ##......     38%         4    ####...
 Venom Bolt               Conj/Pois      ##........   87%         5    ######.


Dungeon Overview and Level Annotations

Branches:
Dungeon (3/15)

Altars:
Ashenzari
Uskayaw


Innate Abilities, Weirdness & Mutations

You heal slowly.
You have razor-sharp teeth.
You have supernaturally acute eyesight. (SInv)
You can survive without breathing.


Message History

The worm is lightly wounded.
You hit the worm but do no damage.
The worm is lightly wounded.
The worm barely misses you.
You barely miss the worm.
The worm is lightly wounded.
A kobold comes into view.
The kobold shouts!
The kobold hits you. The worm bites you! The kobold hits you.
The worm bites you.
* * * LOW HITPOINT WARNING * * *
As you read the scroll labeled ZIBINO XUDAYTI, it crumbles to dust.
It is a scroll of amnesia.
Okay, then.
The kobold hits you.
* * * LOW HITPOINT WARNING * * *
The dart slug launches a dart at you. The slug dart hits you!
You die...

#.......+ #.......#
........# ..##.# #.##.#
#.##.####.>. #.........#
#..#.####.#
#..#.K@.#+####
########..#.ww......# .
....b.....#.........# .
########...##........#
#.#...........+........#
#.#.######.####........#
#..........# #%.......#
###'###########........#
#..........<######+####


You could see a worm, a dart slug and a kobold.

Vanquished Creatures
  4 adders
  4 dart slugs
  2 leopard geckos
  A ball python (D:2)
  4 bats
  2 giant cockroaches
  6 goblins
  5 hobgoblins
  A kobold (D:1)
  2 quokkas (D:2)
  2 frilled lizards
  6 rats
39 creatures vanquished.

Notes
Turn   | Place    | Note
-------+----------+-------------------------------------------
     0 | D:1      | fuel4fun the Vampire Venom Mage began the quest for the
                  | Orb.
     0 | D:1      | Reached XP level 1. HP: 13/13 MP: 3/3
   612 | D:1      | Reached XP level 2. HP: 19/19 MP: 1/5
  1252 | D:2      | Reached XP level 3. HP: 19/24 MP: 2/6
  1792 | D:2      | Found a hide-covered altar of Uskayaw.
  1810 | D:2      | Became a worshipper of Uskayaw the Reveler
  1944 | D:2      | Found a shattered altar of Ashenzari.
  1959 | D:2      | Saw a vision of the Shoals and the Spider Nest.
  1959 | D:2      | Noticed a redback
  1959 | D:2      | Noticed a redback
  1959 | D:2      | Noticed a redback
  1959 | D:2      | Noticed a sea snake
  1959 | D:2      | Noticed a merfolk
  1959 | D:2      | Noticed a merfolk
  1959 | D:2      | Noticed a hippogriff
  1959 | D:2      | Noticed a redback
  1960 | D:2      | Noticed a scorpion
  1963 | D:2      | Noticed a redback
  1963 | D:2      | Noticed a hornet
  2137 | D:2      | Reached * piety under Uskayaw
  2141 | D:2      | Reached skill level 1 in Conjurations
  2344 | D:2      | Reached XP level 4. HP: 23/30 MP: 3/8
  2990 | D:3      | Killed from afar by a dart slug

Skill      XL: |  1  2  3 |
---------------+----------+-----
Poison Magic   | 3 |  3.4
Dodging        | 3 |  3.1
Conjurations   | 1 |  1.1
Stealth        | |  3.2
Spellcasting   | |  2.8

Action                   |  1- 3 |  4- 6 || total
-------------------------+-------+-------++-------
Melee: Unarmed           |    85 |     7 ||    92
       Bite              |     7 |     1 ||     8
 Cast: Sting             |    50 |    12 ||    62
 Abil: End Transformatio |     1 |       ||     1
       Bat Form          |     1 |       ||     1
  Use: Potion            |     2 |     2 ||     4
       Scroll            |     1 |     1 ||     2
 Stab: Sleeping          |     1 |       ||     1
Armor: Robe              |    50 |       ||    50
Dodge: Dodged            |   172 |    12 ||   184
